 Dungeon Crawl Stone Soup version 0.28.0-1-gb440e238dd (webtiles) character file.

Game seed: 6104934811493454112

60 pkoi the Insei (level 3, -5/31 HPs)
             Began as a Draconian Monk on Feb 22, 2022.
             Slain by a worm (8 damage)
             ... on level 1 of the Dungeon.
             The game lasted 00:01:29 (1098 turns).

pkoi the Insei (Draconian Monk)                     Turns: 1098, Time: 00:01:29

Health: -5/31      AC:  5    Str: 13    XL:     3   Next: 80%
Magic:  3/3        EV: 12    Int: 12    God:
Gold:   58         SH:  0    Dex: 13    Spells: 2/2 levels left

rFire   . . .      SeeInvis .     - Unarmed
rCold   . . .      Faith    .   (no shield)
rNeg    . . .      Spirit   .   (armour unavailable)
rPois   .          Reflect  .   (helmet restricted)
rElec   .          Harm     .   (no cloak)
rCorr   .          Rampage  .   (no gloves)
Will    .....                   (no boots)
Stlth   ++........              (no amulet)
HPRegen 0.10/turn               (no ring)
MPRegen 0.08/turn               (no ring)

@: slowed, very slow
A: AC +5, unfitting armour, cold-blooded
a: no special abilities


You were on level 1 of the Dungeon.
You visited 1 branch of the dungeon, and saw 2 of its levels.

You collected 58 gold pieces.

Inventory:

Hand Weapons
 c - a +3 vampiric short sword
Scrolls
 a - a scroll of amnesia
 b - a scroll of teleportation {unknown}


   Skills:
 - Level 3.2 Fighting
 - Level 2.6 Dodging
 - Level 1.7 Stealth
 + Level 4.8 Unarmed Combat


You had 2 spell levels left.
You didn't know any spells.
Your spell library contained the following spells:

 Spells                   Type           Power      Damage    Failure   Level
 Frozen Ramparts          Ice            0%         1d2       69%         3
 Ice Form                 Ice/Tmut       0%         N/A       97%         4
 Summon Ice Beast         Ice/Summ       0%         N/A       97%         4


Dungeon Overview and Level Annotations

Branches:
Dungeon (2/15)

Altars:


Innate Abilities, Weirdness & Mutations

Your plain brown scales are hard. (AC +5)
You cannot fit into any form of body armour.
You are cold-blooded and may be slowed by cold attacks.


Message History

Natasha casts a spell at you. The magic dart hits you.
* * * LOW HITPOINT WARNING * * *
The white imp gestures at you. The puff of frost misses you.
Unknown command.
Unknown command.
You hit Natasha but do no damage. You punch Natasha.
You kill Natasha!
You hear a faint echoing roar filled with hate and sorrow!
The white imp disappears in a puff of smoke! x2
Unknown command.
You hit the worm.
The worm is moderately wounded.
You hear a zap.
You hear a grinding noise.
Unknown command.
You punch the worm!
The worm is heavily wounded.
The worm bites you but does no damage.
You hear a zap.
You hear a grinding noise.
There is a stone staircase leading up here.
You hear a zap.
You hear a grinding noise.
The worm bites you.
* * * LOW HITPOINT WARNING * * *
You climb upwards.
There is a stone staircase leading down here.
You hit the worm. You tail-slap the worm.
The worm is severely wounded.
You hit the worm.
The worm is severely wounded.
The worm barely misses you.
You hit the worm but do no damage.
Your tail-slap misses the worm.
The worm is severely wounded.
The worm bites you!
* * * LOW HITPOINT WARNING * * *
You hit the worm.
You tail-slap the worm, but do no damage.
The worm is almost dead.
The worm bites you!
You die...

###############
#.............####
#.............'..#
#.............##.#
#...##........##†#
####.............##.#####
#..+....@.........(......
####.##...w............#####
#............#...###...# ##
#............##### #...# #.
#.......##...#######...# #.
#.......#...##.........# #.
#.......+....#.######### #.
#####'####....#.#|....># #.
#.....#.......#.#.####'#####.


You could see a worm.

Vanquished Creatures
  Natasha (D:2)
  A dart slug (D:1)
  5 ball pythons (D:1)
  4 endoplasms (D:1)
  A giant cockroach (D:1)
  5 goblins
  5 hobgoblins (D:1)
  A quokka (D:1)
  2 bats (D:1)
  3 frilled lizards (D:1)
  A kobold (D:1)
  2 rats (D:1)
31 creatures vanquished.

Notes
Turn   | Place    | Note
-------+----------+-------------------------------------------
     0 | D:1      | pkoi the Draconian Monk began the quest for the Orb.
     0 | D:1      | Reached XP level 1. HP: 19/19 MP: 1/1
   334 | D:1      | Reached XP level 2. HP: 26/26 MP: 2/2
   546 | D:1      | Reached skill level 4 in Unarmed Combat
   693 | D:1      | Reached XP level 3. HP: 28/31 MP: 3/3
   968 | D:2      | Noticed Natasha
  1087 | D:2      | Killed Natasha
  1098 | D:1      | Slain by a worm

Illustrated notes

Levels and vault maps discovered:
D:1:      dpeg_arrival_morbid_curiosity, layout_basic
D:2:      layout_basic, basic_altar, hangedman_glass_teeth, uniq_jessica,
          uniq_natasha

Skill      XL: |  1  2 |
---------------+-------+-----
Unarmed Combat | 4 |  4.8
Fighting       | |  3.2
Dodging        | |  2.6
Stealth        | |  1.7

Action                   || total
-------------------------++-------
Melee: Unarmed           ||    92
       Tailslap          ||    16
       Punch             ||     3
  Use: Scroll            ||     1
 Stab: Sleeping          ||     5
Armor: Skin              ||    22
Dodge: Dodged            ||    53
